 Dungeon Crawl Stone Soup version 0.23.2-40-g277498a001 (webtiles) character file.

Game seed: 6659781634792483397

4761 grouchysmurf the Basher (level 10, -4/88 HPs)
             Began as a Minotaur Berserker on Sept 28, 2019.
             Was an Elder of Trog.
             Killed by nerve-wracking pain
             ... invoked by an orc priest
              (13 damage)
             ... on level 8 of the Dungeon.
             The game lasted 00:31:34 (8139 turns).

grouchysmurf the Basher (Minotaur Berserker)        Turns: 8139, Time: 00:31:35

Health: -4/88      AC: 16    Str: 23    XL:     10   Next: 23%
Magic:  9/9        EV:  8    Int:  4    God:    Trog [****..]
Gold:   436        SH:  5    Dex: 12    Spells: 9/9 levels left

rFire    . . .     SeeInvis .   b - +0 mace (crush)
rCold    . . .     Gourm    .   p - +0 buckler
rNeg     . . .     Faith    .   n - +0 plate armour
rPois    .         Spirit   .   (helmet restricted)
rElec    .         Reflect  .   k - +0 cloak
rCorr    .         Harm     .   l - +0 pair of gloves
MR       .....                  (no boots)
Stlth    ..........             (no amulet)
HPRegen  0.24/turn              (no ring)
MPRegen  0.11/turn              (no ring)

@: no status effects
A: retaliatory headbutt, horns 2
a: Berserk, Trog's Hand, Brothers in Arms, Renounce Religion


You were on level 8 of the Dungeon.
You worshipped Trog.
Trog was greatly pleased with you.
You were not hungry.

You visited 1 branch of the dungeon, and saw 8 of its levels.

You collected 436 gold pieces.

Inventory:

Hand Weapons
 a - a +2 flail of protection
 b - a +0 mace of crushing (weapon)
Missiles
 x - 4 poisoned javelins
 y - 3 tomahawks (quivered)
Armour
 k - a +0 cloak (worn)
 l - a +0 pair of gloves (worn)
 n - a +0 plate armour (worn)
 p - a +0 buckler (worn)
Wands
 d - a wand of flame (18)
 o - a wand of acid (4)
 q - a wand of iceblast (5)
 s - a wand of polymorph (10)
 z - a wand of clouds (6)
Scrolls
 h - 2 scrolls of remove curse
 i - 4 scrolls of teleportation
 A - a scroll of fear
 B - a scroll of identify
Potions
 e - a potion of might
 f - a potion of curing
 g - a potion of flight {unknown}
 j - a potion of magic {unknown}
 m - 3 potions of heal wounds {unknown}
 r - a potion of brilliance {unknown}
 t - 4 potions of lignification
 u - a potion of haste
 v - a potion of degeneration {unknown}
 w - a potion of resistance {unknown}
Comestibles
 c - 4 rations


   Skills:
 + Level 7.9 Fighting
 * Level 13.1 Maces & Flails
 + Level 0.4 Throwing
 + Level 8.7 Armour
 + Level 3.9 Dodging
 - Level 4.0 Shields


You had 9 spell levels left.
You didn't know any spells.
Your spell library was empty.

Dungeon Overview and Level Annotations

Branches:
Dungeon (8/15)             Temple (0/1) D:7
   Lair: D:8-11

Altars:
Ashenzari
Dithmenos
Vehumet
Xom

Shops:
D:5 =   D:6 }


Innate Abilities, Weirdness & Mutations

You reflexively headbutt those who attack you in melee.
You have a pair of horns on your head.


Message History

The orc priest is heavily wounded.
You hit the orc priest. Your headbutt misses the orc priest.
The orc priest is severely wounded.
The orc priest mumbles some strange prayers to Beogh against you.
Beogh smites you!
* * * LOW HITPOINT WARNING * * *
You hit the orc priest but do no damage.
The orc priest is severely wounded.
The orc priest hits you but does no damage.
The steam dragon misses you. The steam dragon claws you.
* * * LOW HITPOINT WARNING * * *
You hit the orc priest.
The orc priest is almost dead.
The steam dragon closely misses you. You furiously retaliate!
You headbutt the steam dragon, but do no damage.
The steam dragon claws you but does no damage.
Found 20 stones.
The orc priest mumbles some strange prayers to Beogh against you.
Pain shoots through your body!
You die...

#.#.#.###......#
.#.#.#.#......†#
###.###.......<#
..####.........###
......)..........#
......#.>........### # .
......#............#.#.(
......#..................
................@......##
......#........D.......#
....>..........o./.....#
.............Zo........#
.......................#
...................##.##
y..[###....†.......# .##
...###...........## .## .
#..).....<.....###..#


You could see a steam dragon, an orc priest, an orc and an elf zombie.

Vanquished Creatures
  Joseph (D:7)
  A queen bee (D:7)
  2 hippogriffs (D:7)
  A wyvern (D:8)
  2 hungry ghosts (D:7)
  Menkaure (D:5)
  Duvessa (D:6)
  7 sky beasts
  An ice beast (D:6)
  A phantom (D:4)
  A black bear (D:7)
  3 ogres
  A centaur (D:6)
  2 bullfrogs
  A water moccasin zombie (D:5)
  2 scorpions
  Dowan (D:6)
  14 killer bees
  3 howler monkeys (D:7)
  2 crimson imps
  A bullfrog zombie (D:5)
  A jelly (D:6)
  2 orc priests (D:5)
  3 orc wizards
  9 worker ants
  3 iguanas
  8 gnolls
  17 adders
  2 shadow imps
  2 oozes (D:7)
  5 adder skeletons
  2 dart slugs (D:1)
  4 leopard geckos
  21 orcs
  3 giant cockroaches
  8 hobgoblins
  5 jackals
  9 kobolds
  2 quokkas
  4 ball pythons
  10 bats
  6 frilled lizards
  13 goblins
  A quokka skeleton (D:5)
  7 rats
196 creatures vanquished.

Vanquished Creatures (others)
  A black bear (D:7)
  A bullfrog (D:7)
  An orc wizard (D:7)
  A leopard gecko (D:7)
  An orc (D:7)
5 creatures vanquished.

Grand Total: 201 creatures vanquished

Notes
Turn   | Place    | Note
-------+----------+-------------------------------------------
     0 | D:1      | grouchysmurf the Minotaur Berserker began the quest for the
                  | Orb.
     0 | D:1      | Reached XP level 1. HP: 19/19 MP: 0/0
    48 | D:1      | Reached XP level 2. HP: 27/27 MP: 1/1
   113 | D:1      | Reached skill level 4 in Maces & Flails
   454 | D:1      | Reached XP level 3. HP: 32/33 MP: 2/2
   553 | D:1      | Reached ** piety under Trog
  1066 | D:2      | Reached XP level 4. HP: 41/41 MP: 3/3
  1148 | D:2      | Reached skill level 5 in Fighting
  1304 | D:2      | Reached skill level 5 in Maces & Flails
  2171 | D:3      | Reached XP level 5. HP: 43/48 MP: 4/4
  2668 | D:4      | Noticed a phantom
  2717 | D:4      | Reached *** piety under Trog
  2723 | D:4      | Killed a phantom
  2723 | D:4      | Reached skill level 6 in Maces & Flails
  2723 | D:4      | Reached skill level 1 in Shields
  2840 | D:4      | Found a shadowy altar of Dithmenos.
  2867 | D:4      | Reached XP level 6. HP: 56/56 MP: 5/5
  2874 | D:4      | Noticed a sky beast
  2913 | D:4      | Killed a sky beast
  3206 | D:4      | Reached skill level 7 in Maces & Flails
  3325 | D:4      | Reached XP level 7. HP: 54/62 MP: 6/6
  3532 | D:4      | You fall through a shaft for 3 floors!
  3720 | D:6      | Noticed Duvessa
  3720 | D:6      | Noticed Dowan
  3728 | D:6      | Killed Dowan
  3728 | D:6      | Reached skill level 8 in Maces & Flails
  3732 | D:6      | Killed Duvessa
  4057 | D:6      | Reached XP level 8. HP: 68/71 MP: 7/7
  4102 | D:5      | Entered Level 5 of the Dungeon
  4102 | D:5      | Noticed Menkaure
  4141 | D:4      | Reached skill level 9 in Maces & Flails
  4201 | D:5      | Killed Menkaure
  4361 | D:5      | Found a radiant altar of Vehumet.
  4365 | D:5      | Reached skill level 5 in Armour
  4545 | D:5      | Reached skill level 10 in Maces & Flails
  4736 | D:5      | Found Qeuv's Jewellery Emporium.
  5490 | D:6      | Found Cital's Gadget Shop.
  5503 | D:6      | Reached **** piety under Trog
  5503 | D:6      | Reached XP level 9. HP: 78/78 MP: 8/8
  5892 | D:7      | Reached skill level 11 in Maces & Flails
  5907 | D:7      | Noticed Joseph
  5938 | D:7      | Killed Joseph
  6412 | D:7      | Found a shimmering altar of Xom.
  6456 | D:7      | Found a staircase to the Ecumenical Temple.
  6527 | D:7      | Found a shattered altar of Ashenzari.
  6599 | D:7      | Reached skill level 12 in Maces & Flails
  7594 | D:8      | Noticed a queen bee
  7600 | D:7      | Received a gift from Trog
  7602 | D:7      | Reached XP level 10. HP: 48/86 MP: 9/9
  7866 | D:7      | Reached skill level 13 in Maces & Flails
  8139 | D:8      | Killed from afar by an orc priest

Skill      XL: |  1  2  3  4  5  6  7  8  9 10 |
---------------+-------------------------------+-----
Fighting       | 4 5 6 7 |  7.9
Maces & Flails | 4 5 6 7 8 10 12 13 | 13.1
Armour         | 3 4 6 8 |  8.7
Shields        | 1 2 4 |  4.0
Dodging        | 3 |  3.9
Throwing       | |  0.4

Action                   |  1- 3 |  4- 6 |  7- 9 | 10-12 || total
-------------------------+-------+-------+-------+-------++-------
Melee: Mace              |    78 |   174 |   327 |    60 ||   639
       Headbutt          |    12 |    28 |    60 |    10 ||   110
Throw: Tomahawk          |       |       |     4 |       ||     4
Invok: Berserk           |       |     1 |     3 |     2 ||     6
       Trog's Hand       |       |     1 |     3 |     1 ||     5
  Use: Scroll            |     4 |     3 |     3 |       ||    10
       Potion            |       |       |       |     1 ||     1
  Eat: Chunk             |     1 |     2 |    11 |       ||    14
       Ration            |       |     2 |     4 |     1 ||     7
Armor: Animal skin       |     8 |       |       |       ||     8
       Ring mail         |     4 |     6 |       |       ||    10
       Plate armour      |       |   112 |   194 |    74 ||   380
Dodge: Dodged            |    57 |    44 |   122 |    48 ||   271
Block: Buckler           |       |    11 |    50 |    25 ||    86
